Unix NetHack Version 5.0.0-0 post-release - last build Jun 10 2026 00:39:30 (3ee93aec679c4c4259841fe613dc97188e26a321,branch:main).

Game began 2026-06-16 06:48:35, ended 2026-06-16 08:35:48.

LDaviesPeters, neutral female human Archeologist

     -------            ---------------------------------
    #|.....|            |...............................|
    #|......###         |.----....-----.----+--..-----..|
    #|.....| #          |.|  |---.|(..-.-..|  |..|(/(|..|
    #|.....| ####      #|.|  |..|.|._.|.|..|  |..|..(|.=|
    #-.>...|    #      #|.--+|..|.|...|.--------.|...|..|
    #-------    #      #|....|. |.|...|....+...|.---|-..|
    ##          ###    #|.{..-+--.----|....|...|......].|
     #            #    #|..........+  --+-.-----..-----.|
     #            #    #|%...--+-..|     |........-...|.|
     #            #    #|.--+|  |.-----  |+---....|...|.|
     ##           #    #|.|..|  |.+.!.|--|...|---.-----.|
 -----#           ######..|..|---.|.%?|..|...|  |.......|                  |
 |.^.|#                #|....|....|.[%|..|...|  +.......|              ....|
 |...|#                #|.----....------+--------.....{.|     ####@#.......|
 |...)#                #|...............................|              ....|
 -----                 #---------------------------------              -----

LDaviesPeters the Investigator  St:17 Dx:13 Co:16 In:16 Wi:18 Ch:8  Neutral
Dlvl:8  $:0  HP:0(58) Pw:48(48) AC:-6 Xp:7 T:8003 

Latest messages:
 In what direction? 3
 The dagger hits the mumak.
 You lash the mumak.
 You miss the mumak.
 The mumak misses!
 The mumak bites!
 You miss the mumak.
 The mumak misses!
 The mumak bites!
 You lash the mumak.
 You miss the mumak.
 The mumak misses!
 The mumak misses!
 You lash the mumak.
 The mumak butts!
 The mumak bites!
 You miss the mumak.
 The mumak misses!
 The mumak misses!
 You miss the mumak.
 The mumak butts!
 The mumak just misses!
 Are you sure you want to pray? [yn] (n) y
 You begin praying to Camaxtli.
 You are surrounded by a shimmering light.
 The mumak starts to attack you, but pulls back.
 The mumak starts to attack you, but pulls back.
 The mumak starts to attack you, but pulls back.
 You finish your prayer.
 You feel that Camaxtli is well-pleased.
 You feel much better.
 You lash the mumak.
 The mumak butts!
 The mumak misses!
 You lash the mumak.
 The mumak butts!
 The mumak bites!
 What do you want to read? [O or ?*] O
 As you read the scroll, it disappears.
 You materialize in a different location!
 It is hit.
 A runed arrow misses you.
 A runed arrow misses you.
 You are hit by a runed arrow!
 You die...
 Do you want your possessions identified? [ynq] (y) y
 Do you want to see your attributes? [ynq] (y) y
 Do you want an account of creatures vanquished? [ynaq] (y) n
 Do you want to see your conduct and achievements? [ynq] (y) y
 Do you want to see the dungeon overview? [ynq] (y) n

Inventory:
 Weapons  (')')
  A - 5 blessed +1 arrows (in quiver)
  u - 4 +0 daggers
  t - 2 +0 elven daggers
  a - a blessed +2 bullwhip (weapon in right hand)
 Armor    ('[')
  M - an uncursed +0 dwarvish iron helm (being worn)
  e - an uncursed +0 pair of iron shoes (being worn)
  Y - an uncursed +3 shield of reflection (being worn)
  n - an uncursed +0 alchemy smock with text "If you can't stand the heat, get out of Gehennom!" (being worn)
  j - an uncursed +0 dwarvish mithril-coat (being worn)
 Comestibles  ('%')
  d - 2 uncursed food rations
  c - 2 uncursed fortune cookies
 Rings    ('=')
  S - an uncursed ring of regeneration
 Wands    ('/')
  D - a wand of digging (0:6)
  T - a wand of probing (0:7)
 Tools    ('(')
  b - an uncursed bag of holding containing 8 items
  k - an uncursed lock pick
  f - a tinning kit (0:32)
 Gems/Stones  ('*')
  Z - an uncursed turquoise stone
  g - an uncursed touchstone

Contents of the bag of holding:
  307 gold pieces
  a cursed amulet of restful sleep named Cursed
  an uncursed +0 pair of levitation boots
  an uncursed +0 shield of drain resistance
  an uncursed scroll of destroy armor
  an uncursed scroll of remove curse
  a blessed scroll of teleportation
  a +0 pick-axe

LDaviesPeters the Archeologist's attributes:

Background:
 You were an Investigator, a level 7 female human Archeologist.
 You were neutral, on a mission for Camaxtli
 who was opposed by Quetzalcoatl (lawful) and Huhetotl (chaotic).
 You were right-handed.
 You were in the Gnomish Mines, on level 8.
 You entered the dungeon 8003 turns ago.
 There was a new moon in effect when your adventure ended.
 You had 979 experience points, 301 more were needed to attain level 8.

Basics:
 You had 0 out of 58 hit points.
 You had all 48 energy points (spell power).
 Your armor class was -6.
 Your wallet was empty, but
 you had 307 zorkmids stashed away in your pack.
 Autopickup was off.

Final Characteristics:
 Your strength was 17 (limit:18/100).
 Your dexterity was 13 (limit:18).
 Your constitution was 16 (limit:18).
 Your intelligence was 16 (limit:18).
 Your wisdom was 18 (limit:18).
 Your charisma was 8 (limit:18).

Final Status:
 You weren't hungry.
 You were unencumbered.
 You were wielding a whip.
 You had expert skill with whip.

Final Attributes:
 You were piously aligned.
 You were poison resistant.
 You were acid resistant.
 Your items were protected from acid.
 You had automatic searching.
 You were stealthy.
 You were guarded.
 Your spell casting was impaired by metallic armor.
 You were fast.
 You had reflection.
 You are dead.

Miscellaneous:
 You encountered 2 bones levels.
 Total elapsed playing time was 1 hour, 47 minutes and 13 seconds.

Major events:
 Turn
    1: LDaviesPeters the neutral female human Archeologist entered the dungeon
 2536: attained the rank of Field Worker (level 3)
 3142: entered the Gnomish Mines
 5685: attained the rank of Investigator (level 6)
 7142: reached Mine Town
 8003: killed by an elven arrow

Spells:
 Name                 Level Category     Fail Retention
 identify               3   divination   100%   51%-75%

Skills:
 Fighting Skills
   bare handed combat [Unskilled]
   two weapon combat  [Unskilled]
   riding             [Unskilled]
 Weapon Skills
   dagger             [Unskilled]
   knife              [Unskilled]
   pick-axe           [Basic]
   short sword        [Unskilled]
   saber              [Unskilled]
   club               [Unskilled]
   quarterstaff       [Unskilled]
   sling              [Unskilled]
   dart               [Unskilled]
   boomerang          [Unskilled]
   whip               [Expert]
   unicorn horn       [Unskilled]
 Spellcasting Skills
   attack spells      [Unskilled]
   healing spells     [Unskilled]
   divination spells  [Unskilled]
   matter spells      [Unskilled]

Voluntary challenges:
 Character rerolling was not enabled.
 You never genocided any monsters.
 You never polymorphed an object.
 You never changed form.
 You used no wishes.
Achievements:
 You entered a shop.
 You attained the rank of Field Worker.
 You entered the Gnomish Mines.
 You attained the rank of Investigator.
 You entered Minetown.
 You entered a temple.

 The Dungeons of Doom: levels 1 to 7
    Level 1:
       Some fountains.
    Level 2:
       A potion shop.
    Level 3:
       A grave.
    Level 4:
       A fountain.
       Stairs down to The Gnomish Mines.
    Level 5:
       An altar, a fountain, a grave.
    Level 6:
       A general store.
    Level 7:
       Final resting place for
          LJY0408-Wiz-Elf-Fem-Cha, killed by a hallucinogen-distorted leocrotta.
 The Gnomish Mines: levels 5 to 10
    Level 5:
    Level 6:
    Level 8: <- You were here.
       Some shops, a temple and an altar to Camaxtli, some fountains.
       Final resting place for
          you, killed by an elven arrow.
    Level 9:
    Level 10:
       Final resting place for
          npexception-Tou-Hum-Mal-Neu, killed by a gnome king.


Vanquished creatures:
  a tengu
  2 leprechauns
  a dust vortex
  2 gnome mummies
  3 human zombies
  2 rock piercers
  2 rock moles
  3 ponies
  a yellow light
  a shrieker
  a violet fungus
  5 gnome leaders
  2 gnomish wizards
  a gray ooze
  2 giant ants
  a floating eye
  2 kittens
  6 dwarves
  9 hill orcs
  2 rothes
  2 rabid rats
  a giant bat
  a wererat
  a werejackal
  3 iguanas
  2 killer bees
  3 coyotes
  a gas spore
  4 hobbits
  2 manes
  a large kobold
  2 hobgoblins
  4 giant rats
  a yellow mold
  a red mold
 22 gnomes
  a gnome zombie
  3 geckos
  3 jackals
  3 foxes
  a kobold
  a goblin
  8 sewer rats
  6 grid bugs
  3 lichens
  3 kobold zombies
  7 newts
139 creatures vanquished.

No species were genocided or became extinct.

Game over:
                       ----------
                      /          \
                     /    REST    \
                    /      IN      \
                   /     PEACE      \
                  /                  \
                  |  LDaviesPeters   |
                  |      307 Au      |
                  |   killed by an   |
                  |   elven arrow    |
                  |                  |
                  |                  |
                  |       2026       |
                 *|     *  *  *      | *
        _________)/\\_//(\/(/\)/\//\/|_)_______

Goodbye LDaviesPeters the Archeologist...

You died in The Gnomish Mines on dungeon level 8 with 4693 points,
and 307 pieces of gold, after 8003 moves.
You were level 7 with a maximum of 58 hit points when you died.

